Predators vs Devils

Created - January 30 2008 at 18:35

Goals
1 2 3 T
Predators 1 1 0 2
Devils 1 2 0 3
Shots
1 2 3 T
Predators 9 5 8 22
Devils 13 13 5 31

Period #1

1. Devils , Brendan Witt 8 (Michael Nylander, Jamie Langenbrunner) at 1:26 (PP)
2. Predators , Scott Hartnell 22 (David Legwand, Shea Weber) at 19:50 (PP)

Penalties :
Derek Morris (NSH) for Hooking (Minor) at 1:08, Jeff Carter (NSH) for Boarding (Minor) at 2:04, Shea Weber (NSH) for Hooking (Minor) at 16:09, Cam Janssen (NJD) for Tripping (Minor) at 18:16

Period #2

3. Predators , David Legwand 11 (Robert Lang, Derek Morris) at 5:20
4. Devils , Daniel Alfredsson 19 (Colin White, Ryan Getzlaf) at 12:56
5. Devils , Jean-Pierre Dumont 13 (Daniel Alfredsson, Ryan Getzlaf) at 14:05

Penalties :
Shea Weber (NSH) for Hooking (Minor) at 1:29, Ryan Getzlaf (NJD) for Holding (Minor) at 5:53, Brad Lukowich (NJD) for Diving (Minor) at 19:38

Period #3

No Goal

Penalties :
Colin White (NJD) for Interference (Minor) at 3:55, Paul Martin (NJD) for Hooking (Minor) at 16:19, Ryan Suter (NSH) for Cross-checking (Minor) at 18:41

Goalie Stats

Tomas Vokoun (NSH), 28 saves from 31 shots - (0.903), L, 27-19-4, 60:00 minutes
Martin Brodeur (NJD), 20 saves from 22 shots - (0.909), W, 33-16-3, 60:00 minutes

Players Stats

Predators
Player Name              G  A  P  +/- PIM S  H  SB FO MP 
-----------------------------------------------------------
Craig Rivet              0  0  0   0  0   0  0  0  0  5  
David Legwand            1  1  2   0  0   1  1  0  18 18 
Derek Morris             0  1  1   0  2   0  1  2  0  25 
Jeff Carter              0  0  0  -1  2   4  0  0  11 14 
Justin Williams          0  0  0   0  0   1  0  0  1  4  
Martin Erat              0  0  0  -1  0   1  0  0  2  20 
Patrick Eaves            0  0  0   0  0   0  2  0  1  15 
Paul Kariya              0  0  0   0  0   2  0  0  3  23 
Robert Lang              0  1  1   1  0   1  0  0  16 20 
Ryan Suter               0  0  0  -1  2   0  1  1  0  22 
Scott Hartnell           1  0  1  -1  0   4  1  0  1  21 
Shea Weber               0  1  1   0  4   1  0  1  0  22 
Steve Sullivan           0  0  0   0  0   1  0  0  3  22 
Todd Bertuzzi            0  0  0   0  0   0  0  0  1  9  
Tomas Kaberle            0  0  0   0  0   5  2  1  0  23 
Vernon Fiddler           0  0  0  -1  0   1  5  1  12 24 
Yanic Perreault          0  0  0   0  0   0  0  0  1  3  
Zbynek Michalek          0  0  0  -1  0   0  0  0  0  21 
Devils
Player Name              G  A  P  +/- PIM S  H  SB FO MP 
-----------------------------------------------------------
Ben Eager                0  0  0   0  0   0  0  0  0  6  
Brad Lukowich            0  0  0   2  2   0  0  1  0  20 
Brendan Witt             1  0  1   0  0   2  2  0  0  24 
Cam Janssen              0  0  0   0  2   0  0  0  0  6  
Chris Chelios            0  0  0   0  0   0  0  1  0  21 
Colin White              0  1  1   2  2   0  1  0  0  21 
Daniel Alfredsson        1  1  2   2  0   6  1  0  2  21 
Jamie Langenbrunner      0  1  1   0  0   3  0  0  1  21 
Jean-Pierre Dumont       1  0  1   2  0   4  1  0  1  17 
John Madden              0  0  0   0  0   2  0  1  11 11 
Juraj Kolnik             0  0  0  -1  0   0  0  0  1  15 
Michael Nylander         0  1  1   0  0   2  0  0  18 17 
Miroslav Satan           0  0  0  -1  0   2  2  0  1  16 
Paul Martin              0  0  0  -1  2   2  0  0  0  20 
Ryan Getzlaf             0  2  2   2  2   2  3  0  22 20 
Timo Helbling            0  0  0  -1  0   1  2  1  0  19 
Travis Zajac             0  0  0  -1  0   1  0  0  10 15 
Zach Parise              0  0  0   0  0   4  0  0  3  18 

3 Stars

1 - Daniel Alfredsson (NJD)
2 - Ryan Getzlaf (NJD)
3 - David Legwand (NSH)

Power Play

Predators - 1 on 5 Attempt(s) - 20.00%
Devils - 1 on 5 Attempt(s) - 20.00%

Penalty Kill

Predators - 4 on 5 Attempt(s) - 80.00% - Score 0 goal in Penalty Kill
Devils - 4 on 5 Attempt(s) - 80.00% - Score 0 goal in Penalty Kill

Game Notes

No Game Note

Finance

Level 1 -- Attendance: 4305 (66.23%) -- Ticket Income $430,500.00
Level 2 -- Attendance: 3298 (59.53%) -- Ticket Income $197,880.00
Level 3 -- Attendance: 1260 (63.00%) -- Ticket Income $44,100.00
Level 4 -- Attendance: 3222 (80.55%) -- Ticket Income $64,440.00
Luxury Box -- Attendance: 636 (63.60%) -- Ticket Income $127,200.00
Game was played at the Continental Airlines Arena
Total Attendance: 12721 (66.81%)
Total Ticket Income: $913,465.10
Other Income: $150,684.30
Total Income: $1,064,149.00


Play by Play

Period #1

0:01 of 1st period - Michael Nylander wins face-off versus David Legwand in neutral zone.
0:03 of 1st period - Zach Parise is hit by Vernon Fiddler and loses puck.
0:18 of 1st period - Shot by Zach Parise.
0:18 of 1st period - Shot Misses the Net.
0:21 of 1st period - Icing by Derek Morris.
0:22 of 1st period - Jean-Pierre Dumont wins face-off versus David Legwand in Predators zone.
0:23 of 1st period - Shot by Daniel Alfredsson.
0:23 of 1st period - Stopped by Tomas Vokoun with a rebound.
1:06 of 1st period - Jean-Pierre Dumont is hit by Tomas Kaberle and loses puck.
1:08 of 1st period - Minor Penalty to Derek Morris for Hooking.
1:09 of 1st period - Michael Nylander wins face-off versus Steve Sullivan in Predators zone.
1:14 of 1st period - Shot by Michael Nylander.
1:14 of 1st period - Stopped by Tomas Vokoun with a rebound.
1:16 of 1st period - Shot by Brendan Witt.
1:16 of 1st period - Stopped by Tomas Vokoun with a rebound.
1:24 of 1st period - Shot by Michael Nylander.
1:24 of 1st period - Shot Misses the Net.
1:26 of 1st period - Shot by Brendan Witt.
1:26 of 1st period - Goal by Brendan Witt - Predators : 0 - Devils : 1.
1:27 of 1st period - Robert Lang wins face-off versus Juraj Kolnik in neutral zone.
2:00 of 1st period - Shot by Scott Hartnell.
2:00 of 1st period - Shot Misses the Net.
2:02 of 1st period - Shot by Scott Hartnell.
2:02 of 1st period - Stopped by Martin Brodeur without a rebound.
2:03 of 1st period - Michael Nylander wins face-off versus Martin Erat in Devils zone.
2:03 of 1st period - Michael Nylander is hit by Vernon Fiddler.
2:04 of 1st period - Minor Penalty to Jeff Carter for Boarding.
2:05 of 1st period - Vernon Fiddler wins face-off versus Michael Nylander in Devils zone.
2:36 of 1st period - Shot by Zach Parise.
2:36 of 1st period - Shot Misses the Net.
2:38 of 1st period - Shot by Paul Martin.
2:38 of 1st period - Stopped by Tomas Vokoun with a rebound.
2:40 of 1st period - Shot by Brendan Witt.
2:40 of 1st period - Shot Misses the Net.
2:42 of 1st period - Shot by Jamie Langenbrunner.
2:42 of 1st period - Stopped by Tomas Vokoun without a rebound.
2:43 of 1st period - Ryan Getzlaf wins face-off versus Steve Sullivan in Predators zone.
3:41 of 1st period - Icing by Brad Lukowich.
3:42 of 1st period - Michael Nylander wins face-off versus Vernon Fiddler in Devils zone.
4:26 of 1st period - Shot by John Madden.
4:26 of 1st period - Stopped by Tomas Vokoun without a rebound.
4:27 of 1st period - Ryan Getzlaf wins face-off versus Jeff Carter in Predators zone.
4:32 of 1st period - Shot by Daniel Alfredsson.
4:32 of 1st period - Stopped by Tomas Vokoun with a rebound.
5:16 of 1st period - Daniel Alfredsson is hit by Scott Hartnell and loses puck.
5:26 of 1st period - Icing by Jean-Pierre Dumont.
5:27 of 1st period - David Legwand wins face-off versus Ryan Getzlaf in Devils zone.
5:40 of 1st period - David Legwand is hit by Jean-Pierre Dumont and loses puck.
7:39 of 1st period - Shot by Michael Nylander.
7:39 of 1st period - Stopped by Tomas Vokoun without a rebound.
7:40 of 1st period - David Legwand wins face-off versus John Madden in Predators zone.
8:16 of 1st period - Icing by Brendan Witt.
8:17 of 1st period - Vernon Fiddler wins face-off versus John Madden in Devils zone.
8:24 of 1st period - Shot by Jeff Carter.
8:24 of 1st period - Stopped by Martin Brodeur with a rebound.
8:30 of 1st period - Shot by Jeff Carter.
8:30 of 1st period - Stopped by Martin Brodeur without a rebound.
8:31 of 1st period - Vernon Fiddler wins face-off versus Travis Zajac in Devils zone.
9:00 of 1st period - Shot by Travis Zajac.
9:00 of 1st period - Stopped by Tomas Vokoun with a rebound.
9:02 of 1st period - Shot by Timo Helbling.
9:02 of 1st period - Stopped by Tomas Vokoun with a rebound.
10:32 of 1st period - Jeff Carter is hit by Brendan Witt and loses puck.
10:41 of 1st period - Shot by Paul Kariya.
10:41 of 1st period - Shot Misses the Net.
10:45 of 1st period - Shot by Paul Kariya.
10:45 of 1st period - Deflect By Jeff Carter.
10:45 of 1st period - Stopped by Martin Brodeur without a rebound.
10:46 of 1st period - Ryan Getzlaf wins face-off versus Justin Williams in Devils zone.
11:11 of 1st period - Shot by Steve Sullivan.
11:11 of 1st period - Stopped by Martin Brodeur with a rebound.
11:13 of 1st period - Shot by Steve Sullivan.
11:13 of 1st period - Shot Misses the Net.
11:41 of 1st period - Shot by Paul Kariya.
11:41 of 1st period - Stopped by Martin Brodeur without a rebound.
11:42 of 1st period - Travis Zajac wins face-off versus Patrick Eaves in Devils zone.
12:26 of 1st period - Off-side.
12:27 of 1st period - John Madden wins face-off versus Jeff Carter in neutral zone.
13:27 of 1st period - Shot by Scott Hartnell.
13:27 of 1st period - Stopped by Martin Brodeur without a rebound.
13:28 of 1st period - Michael Nylander wins face-off versus Robert Lang in Devils zone.
13:56 of 1st period - Shot by Steve Sullivan.
13:56 of 1st period - Shot Misses the Net.
13:58 of 1st period - Shot by Steve Sullivan.
13:58 of 1st period - Shot Misses the Net.
14:01 of 1st period - Steve Sullivan is hit by Brendan Witt and loses puck.
15:11 of 1st period - Daniel Alfredsson is hit by David Legwand and loses puck.
16:09 of 1st period - Minor Penalty to Shea Weber for Hooking.
16:10 of 1st period - Michael Nylander wins face-off versus Vernon Fiddler in Predators zone.
16:13 of 1st period - Shot by Zach Parise.
16:13 of 1st period - Shot Misses the Net.
16:15 of 1st period - Shot by Paul Martin.
16:15 of 1st period - Stopped by Tomas Vokoun without a rebound.
16:16 of 1st period - Michael Nylander wins face-off versus Vernon Fiddler in Predators zone.
17:29 of 1st period - Shot by Jean-Pierre Dumont.
17:29 of 1st period - Stopped by Tomas Vokoun with a rebound.
18:16 of 1st period - Minor Penalty to Cam Janssen for Tripping.
18:17 of 1st period - David Legwand wins face-off versus Ryan Getzlaf in neutral zone.
18:38 of 1st period - Shot by Paul Kariya.
18:38 of 1st period - Shot Blocked by Brad Lukowich.
18:52 of 1st period - Shot by Scott Hartnell.
18:52 of 1st period - Shot Blocked by Timo Helbling.
18:54 of 1st period - Shot by Tomas Kaberle.
18:54 of 1st period - Stopped by Martin Brodeur without a rebound.
18:55 of 1st period - Robert Lang wins face-off versus Ryan Getzlaf in Devils zone.
19:48 of 1st period - Shot by David Legwand.
19:48 of 1st period - Shot Misses the Net.
19:50 of 1st period - Shot by Scott Hartnell.
19:50 of 1st period - Goal by Scott Hartnell - Predators : 1 - Devils : 1.
19:51 of 1st period - Jeff Carter wins face-off versus Miroslav Satan in neutral zone.

Period #2

0:01 of 2nd period - Michael Nylander wins face-off versus David Legwand in neutral zone.
0:43 of 2nd period - Shot by Michael Nylander.
0:43 of 2nd period - Shot Misses the Net.
0:45 of 2nd period - Shot by Zach Parise.
0:45 of 2nd period - Stopped by Tomas Vokoun with a rebound.
0:47 of 2nd period - Shot by Zach Parise.
0:47 of 2nd period - Stopped by Tomas Vokoun without a rebound.
0:48 of 2nd period - Robert Lang wins face-off versus Ryan Getzlaf in Predators zone.
0:48 of 2nd period - Robert Lang is hit by Ryan Getzlaf.
1:23 of 2nd period - Jean-Pierre Dumont is hit by Ryan Suter and loses puck.
1:29 of 2nd period - Minor Penalty to Shea Weber for Hooking.
1:30 of 2nd period - Michael Nylander wins face-off versus Vernon Fiddler in Predators zone.
1:46 of 2nd period - Icing by Michael Nylander.
1:47 of 2nd period - Vernon Fiddler wins face-off versus Michael Nylander in Devils zone.
2:48 of 2nd period - Martin Erat is hit by Ryan Getzlaf and loses puck.
4:01 of 2nd period - John Madden is hit by Tomas Kaberle and loses puck.
4:29 of 2nd period - Icing by Ryan Suter.
4:30 of 2nd period - Travis Zajac wins face-off versus Jeff Carter in Predators zone.
5:10 of 2nd period - Shot by David Legwand.
5:10 of 2nd period - Shot Misses the Net.
5:12 of 2nd period - Shot by David Legwand.
5:12 of 2nd period - Shot Misses the Net.
5:14 of 2nd period - Shot by Derek Morris.
5:14 of 2nd period - Shot Misses the Net.
5:18 of 2nd period - Shot by Robert Lang.
5:18 of 2nd period - Shot Misses the Net.
5:20 of 2nd period - Shot by David Legwand.
5:20 of 2nd period - Goal by David Legwand - Predators : 2 - Devils : 1.
5:21 of 2nd period - Ryan Getzlaf wins face-off versus Paul Kariya in neutral zone.
5:24 of 2nd period - Todd Bertuzzi is hit by Ryan Getzlaf and loses puck.
5:53 of 2nd period - Minor Penalty to Ryan Getzlaf for Holding.
5:54 of 2nd period - Zach Parise wins face-off versus David Legwand in Predators zone.
6:17 of 2nd period - Shot by Tomas Kaberle.
6:17 of 2nd period - Shot Blocked by John Madden.
6:48 of 2nd period - Shot by Jamie Langenbrunner.
6:48 of 2nd period - Shot Blocked by Derek Morris.
6:50 of 2nd period - Shot by John Madden.
6:50 of 2nd period - Stopped by Tomas Vokoun without a rebound.
6:51 of 2nd period - John Madden wins face-off versus Robert Lang in Predators zone.
7:00 of 2nd period - Timo Helbling is hit by Vernon Fiddler and loses puck.
7:44 of 2nd period - Icing by David Legwand.
7:45 of 2nd period - David Legwand wins face-off versus Zach Parise in Predators zone.
7:47 of 2nd period - Icing by Tomas Kaberle.
7:48 of 2nd period - John Madden wins face-off versus David Legwand in Predators zone.
7:49 of 2nd period - Shot by Jamie Langenbrunner.
7:49 of 2nd period - Stopped by Tomas Vokoun with a rebound.
8:22 of 2nd period - Colin White is hit by Vernon Fiddler.
8:28 of 2nd period - Shot by Miroslav Satan.
8:28 of 2nd period - Stopped by Tomas Vokoun without a rebound.
8:29 of 2nd period - Robert Lang wins face-off versus Zach Parise in Predators zone.
9:30 of 2nd period - Shot by Justin Williams.
9:30 of 2nd period - Stopped by Martin Brodeur with a rebound.
9:52 of 2nd period - Shot by Jean-Pierre Dumont.
9:52 of 2nd period - Shot Misses the Net.
9:54 of 2nd period - Shot by Daniel Alfredsson.
9:54 of 2nd period - Deflect By Ryan Getzlaf.
9:54 of 2nd period - Stopped by Tomas Vokoun without a rebound.
9:55 of 2nd period - Jeff Carter wins face-off versus Travis Zajac in Predators zone.
9:55 of 2nd period - Jeff Carter is hit by Miroslav Satan.
10:03 of 2nd period - Shot by Miroslav Satan.
10:03 of 2nd period - Deflect By Travis Zajac.
10:03 of 2nd period - Shot Misses the Net.
11:00 of 2nd period - Icing by Brendan Witt.
11:01 of 2nd period - Robert Lang wins face-off versus John Madden in Devils zone.
11:08 of 2nd period - Shot by Robert Lang.
11:08 of 2nd period - Stopped by Martin Brodeur without a rebound.
11:09 of 2nd period - Ryan Getzlaf wins face-off versus David Legwand in Devils zone.
11:35 of 2nd period - Shot by Ryan Getzlaf.
11:35 of 2nd period - Stopped by Tomas Vokoun without a rebound.
11:36 of 2nd period - Michael Nylander wins face-off versus Robert Lang in Predators zone.
11:39 of 2nd period - Shot by Jamie Langenbrunner.
11:39 of 2nd period - Stopped by Tomas Vokoun without a rebound.
11:40 of 2nd period - Robert Lang wins face-off versus Michael Nylander in Predators zone.
12:38 of 2nd period - Shot by David Legwand.
12:38 of 2nd period - Shot Misses the Net.
12:52 of 2nd period - Shot by Ryan Getzlaf.
12:52 of 2nd period - Shot Misses the Net.
12:56 of 2nd period - Shot by Daniel Alfredsson.
12:56 of 2nd period - The goal is going for a video replay.
12:56 of 2nd period - The goal is good.
12:56 of 2nd period - Goal by Daniel Alfredsson - Predators : 2 - Devils : 2.
12:57 of 2nd period - Jeff Carter wins face-off versus Travis Zajac in neutral zone.
13:57 of 2nd period - Shot by Daniel Alfredsson.
13:57 of 2nd period - Shot Misses the Net.
13:59 of 2nd period - Shot by Daniel Alfredsson.
13:59 of 2nd period - Stopped by Tomas Vokoun with a rebound.
14:03 of 2nd period - Shot by Ryan Getzlaf.
14:03 of 2nd period - Shot Misses the Net.
14:05 of 2nd period - Shot by Daniel Alfredsson.
14:05 of 2nd period - Deflect By Jean-Pierre Dumont.
14:05 of 2nd period - Goal by Jean-Pierre Dumont - Predators : 2 - Devils : 3.
14:06 of 2nd period - Michael Nylander wins face-off versus David Legwand in neutral zone.
14:18 of 2nd period - Off-side.
14:19 of 2nd period - Vernon Fiddler wins face-off versus Ryan Getzlaf in neutral zone.
14:22 of 2nd period - Shot by Tomas Kaberle.
14:22 of 2nd period - Stopped by Martin Brodeur without a rebound.
14:23 of 2nd period - Daniel Alfredsson wins face-off versus Vernon Fiddler in Devils zone.
14:25 of 2nd period - Icing by Ryan Getzlaf.
14:26 of 2nd period - David Legwand wins face-off versus Ryan Getzlaf in Devils zone.
14:43 of 2nd period - Shot by Ryan Getzlaf.
14:43 of 2nd period - Shot Blocked by Tomas Kaberle.
14:45 of 2nd period - Shot by Ryan Getzlaf.
14:45 of 2nd period - Shot Misses the Net.
14:47 of 2nd period - Shot by Ryan Getzlaf.
14:47 of 2nd period - Shot Misses the Net.
14:49 of 2nd period - Shot by Daniel Alfredsson.
14:49 of 2nd period - Stopped by Tomas Vokoun without a rebound.
14:50 of 2nd period - Robert Lang wins face-off versus Jamie Langenbrunner in Predators zone.
14:57 of 2nd period - Shot by Robert Lang.
14:57 of 2nd period - Shot Misses the Net.
15:17 of 2nd period - Shot by Zach Parise.
15:17 of 2nd period - Stopped by Tomas Vokoun with a rebound.
15:19 of 2nd period - Shot by Michael Nylander.
15:19 of 2nd period - Shot Blocked by Shea Weber.
16:05 of 2nd period - Off-side.
16:06 of 2nd period - Ryan Getzlaf wins face-off versus Jeff Carter in neutral zone.
16:37 of 2nd period - Shot by Ryan Getzlaf.
16:37 of 2nd period - Shot Misses the Net.
16:39 of 2nd period - Shot by Daniel Alfredsson.
16:39 of 2nd period - Shot Blocked by Vernon Fiddler.
18:20 of 2nd period - Shot by Paul Kariya.
18:20 of 2nd period - Shot Misses the Net.
18:24 of 2nd period - Shot by Shea Weber.
18:24 of 2nd period - Stopped by Martin Brodeur without a rebound.
18:25 of 2nd period - David Legwand wins face-off versus Michael Nylander in Devils zone.
19:16 of 2nd period - Icing by Brendan Witt.
19:17 of 2nd period - Robert Lang wins face-off versus Michael Nylander in Devils zone.
19:38 of 2nd period - Minor Penalty to Brad Lukowich for Diving.
19:39 of 2nd period - Ryan Getzlaf wins face-off versus David Legwand in Devils zone.

Period #3

0:01 of 3rd period - David Legwand wins face-off versus Ryan Getzlaf in neutral zone.
0:34 of 3rd period - Shot by Shea Weber.
0:34 of 3rd period - Shot Misses the Net.
0:36 of 3rd period - Shot by Scott Hartnell.
0:36 of 3rd period - Stopped by Martin Brodeur without a rebound.
0:37 of 3rd period - Vernon Fiddler wins face-off versus John Madden in Devils zone.
0:54 of 3rd period - Shot by Derek Morris.
0:54 of 3rd period - Deflect By Robert Lang.
0:54 of 3rd period - Shot Misses the Net.
0:56 of 3rd period - Shot by Vernon Fiddler.
0:56 of 3rd period - Stopped by Martin Brodeur without a rebound.
0:57 of 3rd period - Ryan Getzlaf wins face-off versus Robert Lang in Devils zone.
0:57 of 3rd period - Ryan Getzlaf is hit by Vernon Fiddler.
2:02 of 3rd period - Shot by Jean-Pierre Dumont.
2:02 of 3rd period - Stopped by Tomas Vokoun without a rebound.
2:03 of 3rd period - Todd Bertuzzi wins face-off versus Michael Nylander in Predators zone.
3:04 of 3rd period - Shot by Robert Lang.
3:04 of 3rd period - Shot Misses the Net.
3:07 of 3rd period - Icing by Timo Helbling.
3:08 of 3rd period - Jeff Carter wins face-off versus Travis Zajac in Devils zone.
3:16 of 3rd period - Off-side.
3:17 of 3rd period - Jeff Carter wins face-off versus Ryan Getzlaf in neutral zone.
3:17 of 3rd period - Jeff Carter is hit by Daniel Alfredsson.
3:46 of 3rd period - Martin Erat is hit by Colin White.
3:55 of 3rd period - Minor Penalty to Colin White for Interference.
3:56 of 3rd period - John Madden wins face-off versus David Legwand in Devils zone.
4:51 of 3rd period - Shot by Martin Erat.
4:51 of 3rd period - Stopped by Martin Brodeur with a rebound.
5:09 of 3rd period - Shot by Derek Morris.
5:09 of 3rd period - Shot Misses the Net.
6:04 of 3rd period - Shot by Miroslav Satan.
6:04 of 3rd period - Stopped by Tomas Vokoun without a rebound.
6:05 of 3rd period - Jeff Carter wins face-off versus John Madden in Predators zone.
6:48 of 3rd period - Icing by Paul Martin.
6:49 of 3rd period - Paul Kariya wins face-off versus Travis Zajac in Devils zone.
7:35 of 3rd period - Icing by Tomas Kaberle.
7:36 of 3rd period - Paul Kariya wins face-off versus Ryan Getzlaf in Predators zone.
8:28 of 3rd period - Jamie Langenbrunner is hit by Patrick Eaves and loses puck.
8:46 of 3rd period - Shot by Robert Lang.
8:46 of 3rd period - Shot Blocked by Chris Chelios.
8:49 of 3rd period - Icing by Chris Chelios.
8:50 of 3rd period - Jeff Carter wins face-off versus Michael Nylander in Devils zone.
9:15 of 3rd period - Shot by Jeff Carter.
9:15 of 3rd period - Stopped by Martin Brodeur without a rebound.
9:16 of 3rd period - Travis Zajac wins face-off versus Robert Lang in Devils zone.
9:22 of 3rd period - Icing by Shea Weber.
9:23 of 3rd period - Scott Hartnell wins face-off versus Travis Zajac in Predators zone.
10:22 of 3rd period - Shot by Daniel Alfredsson.
10:22 of 3rd period - Stopped by Tomas Vokoun without a rebound.
10:23 of 3rd period - John Madden wins face-off versus Vernon Fiddler in Predators zone.
10:59 of 3rd period - Off-side.
11:00 of 3rd period - Daniel Alfredsson wins face-off versus Robert Lang in neutral zone.
12:19 of 3rd period - Shot by Miroslav Satan.
12:19 of 3rd period - Shot Misses the Net.
12:23 of 3rd period - Shot by Miroslav Satan.
12:23 of 3rd period - Shot Misses the Net.
12:25 of 3rd period - Shot by Timo Helbling.
12:25 of 3rd period - Shot Misses the Net.
12:44 of 3rd period - Shot by Zach Parise.
12:44 of 3rd period - Stopped by Tomas Vokoun with a rebound.
13:53 of 3rd period - Icing by Patrick Eaves.
13:54 of 3rd period - Ryan Getzlaf wins face-off versus Martin Erat in Predators zone.
14:28 of 3rd period - Shot by Jean-Pierre Dumont.
14:28 of 3rd period - Stopped by Tomas Vokoun without a rebound.
14:29 of 3rd period - David Legwand wins face-off versus Travis Zajac in Predators zone.
14:29 of 3rd period - David Legwand is hit by Miroslav Satan.
15:21 of 3rd period - Tomas Kaberle is hit by Timo Helbling and loses puck.
15:49 of 3rd period - Justin Williams is hit by Timo Helbling and loses puck.
15:58 of 3rd period - Shot by Justin Williams.
15:58 of 3rd period - Shot Misses the Net.
16:19 of 3rd period - Minor Penalty to Paul Martin for Hooking.
16:20 of 3rd period - Yanic Perreault wins face-off versus Ryan Getzlaf in Devils zone.
17:42 of 3rd period - Shot by Tomas Kaberle.
17:42 of 3rd period - Stopped by Martin Brodeur without a rebound.
17:43 of 3rd period - Robert Lang wins face-off versus Ryan Getzlaf in Devils zone.
17:44 of 3rd period - Shot by Tomas Kaberle.
17:44 of 3rd period - Stopped by Martin Brodeur without a rebound.
17:45 of 3rd period - Robert Lang wins face-off versus Ryan Getzlaf in Devils zone.
17:46 of 3rd period - Shot by Tomas Kaberle.
17:46 of 3rd period - Shot Misses the Net.
17:48 of 3rd period - Shot by Tomas Kaberle.
17:48 of 3rd period - Stopped by Martin Brodeur with a rebound.
17:50 of 3rd period - Shot by Paul Kariya.
17:50 of 3rd period - Stopped by Martin Brodeur without a rebound.
17:51 of 3rd period - John Madden wins face-off versus David Legwand in Devils zone.
18:34 of 3rd period - Shot by Michael Nylander.
18:34 of 3rd period - Shot Blocked by Ryan Suter.
18:36 of 3rd period - Shot by Michael Nylander.
18:36 of 3rd period - Shot Misses the Net.
18:38 of 3rd period - Shot by Brendan Witt.
18:38 of 3rd period - Shot Misses the Net.
18:40 of 3rd period - Shot by Michael Nylander.
18:40 of 3rd period - Shot Misses the Net.
18:41 of 3rd period - Minor Penalty to Ryan Suter for Cross-checking.
18:42 of 3rd period - Ryan Getzlaf wins face-off versus Steve Sullivan in Predators zone.
18:55 of 3rd period - Shot by Jean-Pierre Dumont.
18:55 of 3rd period - Deflect By Daniel Alfredsson.
18:55 of 3rd period - Shot Misses the Net.
18:57 of 3rd period - Shot by Jean-Pierre Dumont.
18:57 of 3rd period - Shot Hit the Post.
19:01 of 3rd period - Shot by Daniel Alfredsson.
19:01 of 3rd period - Shot Blocked by Derek Morris.
19:03 of 3rd period - Shot by Daniel Alfredsson.
19:03 of 3rd period - Deflect By Jean-Pierre Dumont.
19:03 of 3rd period - Shot Misses the Net.
19:27 of 3rd period - Brendan Witt is hit by Patrick Eaves.
19:44 of 3rd period - Zach Parise is hit by Derek Morris and loses puck.
19:57 of 3rd period - Shot by Michael Nylander.
19:57 of 3rd period - Shot Misses the Net.


Output by the SimonT Hockey Simulator (STHS) for Stephane Roy -- Original Page W3C XHTML 1.0 Valid